 Dungeon Crawl Stone Soup version 0.30.0 (webtiles) character file.

Game seed: 1049720583248310409

40882 arghonaut the Fighter (level 13, -15/124 HPs)
             Began as a Minotaur Gladiator on May 21, 2023.
             Was a High Priest of Makhleb.
             Killed from afar by a steam dragon (19 damage)
             ... with a ball of steam
             ... on level 5 of the Lair of Beasts.
             The game lasted 00:37:40 (16092 turns).

arghonaut the Fighter (Minotaur Gladiator)         Turns: 16092, Time: 00:37:40

Health: -15/124    AC: 19    Str: 19    XL:     13   Next: 77%
Magic:  22/22      EV: 11    Int:  4    God:    Makhleb [*****.]
Gold:   769        SH:  0    Dex: 17    Spells: 12/12 levels left

rFire   . . .        C - +5 scimitar (heavy)
rCold   . . .        (no shield)
rNeg    + . .        z - +2 chain mail {rPois}
rPois   +            c - +2 hat
rElec   .            g - +2 ratskin cloak {*Rats rPois rN+ Str-1 Int-1 Dex+1}
rCorr   .            (no gloves)
SInv    .            (no boots)
Will    ++...        (no amulet) Stlth
                     A - ring of willpower
HPRegen 0.40/turn    o - ring of willpower
MPRegen 0.18/turn

%: no passive effects
@: lethally poisoned (-15 -> -16), hasted and slowed
A: horns 2, retaliatory headbutt
a: Renounce Religion, Minor Destruction, Lesser Servant of Makhleb, Major
Destruction, Greater Servant of Makhleb


You were on level 5 of the Lair of Beasts.
You worshipped Makhleb.
Makhleb was extremely pleased with you.
You visited 2 branches of the dungeon, and saw 15 of its levels.
You also visited: Ossuary and Volcano.

You collected 1046 gold pieces.
You spent 277 gold pieces at shops.

Inventory:

Hand Weapons
 d - a +2 great sword of flaming
 C - a +5 heavy scimitar (weapon)
Missiles
 e - a javelin (quivered)
Armour
 a - a +1 hat of intelligence
 c - a +2 hat (worn)
 g - the +2 ratskin cloak (worn) {*Rats rPois rN+ Str-1 Int-1 Dex+1}
   (You found it on level 7 of the Dungeon)

   *Rats:     When the wearer is hurt, rats may emerge from it to assist them.
   Str:       It affects your strength (-1).
   Int:       It affects your intelligence (-1).
   Dex:       It affects your dexterity (+1).
   rPois:     It protects you from poison.
   rN:        It protects you from negative energy.
 z - a +2 chain mail of poison resistance (worn)
 M - a +1 chain mail of fire resistance
Jewellery
 o - a ring of willpower (right hand)
 A - a ring of willpower (left hand)
Wands
 s - a wand of roots (13)
 t - a wand of flame (26)
 D - a wand of polymorph (12)
 I - a wand of mindburst (3)
Scrolls
 b - 2 scrolls of amnesia
 f - a scroll of fear
 n - 9 scrolls of teleportation
 q - 3 scrolls of immolation
 y - a scroll of butterflies {unknown}
 B - a scroll of poison {unknown}
 G - 3 scrolls of fog
 H - 2 scrolls of noise
 K - a scroll of vulnerability {unknown}
Potions
 i - 5 potions of curing
 j - 4 potions of might
 k - 3 potions of attraction {unknown}
 l - 2 potions of ambrosia {unknown}
 m - a potion of brilliance {unknown}
 p - 2 potions of lignification {unknown}
 r - 4 potions of cancellation {unknown}
 w - a potion of mutation {unknown}
 x - 5 potions of haste
 E - 2 potions of resistance {unknown}
 F - 3 potions of berserk rage {unknown}
 J - 2 potions of flight {unknown}
 L - 2 potions of magic {unknown}


   Skills:
 + Level 14.2 Fighting
 - Level 14.0 Long Blades
 - Level 2.0 Throwing
 + Level 10.3 Armour
 - Level 6.0 Dodging
 - Level 14.0 Invocations
 - Level 5.0 Evocations


You had 12 spell levels left.
You didn't know any spells.
Your spell library contained the following spells:

 Spells                   Type           Power      Damage    Failure   Level
 Lesser Beckoning         Tloc           0%         N/A       99%         2
 Gell's Gravitas          Tloc           0%         N/A       100%        3
 Inner Flame              Hex/Fire       0%         N/A       100%        3
 Teleport Other           Tloc           0%         N/A       100%        3
 Yara's Violent Unravell  Hex/Tmut       0%         3d3       100%        5
 Dispersal                Tloc           0%         N/A       100%        6
 Enfeeble                 Hex            0%         N/A       100%        7


Dungeon Overview and Level Annotations

Branches:
Dungeon (10/15)            Temple (0/1) D:5            Lair (4/5) D:10
  Swamp (0/4) Lair:3       Spider (0/4) Lair:3        Slime (0/5) Lair:5
    Orc (0/2) D:10        Ossuary (visited)         Volcano (visited)

Altars:
Ashenzari
Cheibriados
Dithmenos
Elyvilon
Gozag
Hepliaklqana
Kikubaaqudgha
Makhleb
Nemelex Xobeh
Qazlal
Ru
Sif Muna
Uskayaw
Wu Jian
Xom
Yredelemnul
Zin
The Shining One

Shops:
D:6 [

Annotations:
Lair:2 3 runed translucent doors, Kotami's ghost, journeyman OpFi; Qucvyi Areg's ghost, journeyman DrTm; Weugil's ghost, journeyman HaBe


Innate Abilities, Weirdness & Mutations

You have a pair of horns on your head.
You reflexively headbutt those who attack you in melee.


Message History

Press: ? - help, Shift-Dir - straight line, f/p - four-headed hydra
Aim: a four-headed hydra (almost dead, weak)
The bolt of magma hits the four-headed hydra!!
You kill the four-headed hydra!
Makhleb accepts your kill.
You feel better.
You feel sick.
The polar bear growls angrily.
The water moccasin bites you but does no damage.
The snapping turtle bites you from afar!
* * * LOW HITPOINT WARNING * * *
A hell rat scurries out from under your cloak.
Okay, then.
You feel much better.
You feel sick. The water moccasin bites you.
* * * LOW HITPOINT WARNING * * *
The snapping turtle bites you but does no damage.
The steam dragon bites you.
* * * LOW HITPOINT WARNING * * *
The steam dragon claws you.
* * * LOW HITPOINT WARNING * * *
Your hell rat closely misses the water moccasin.
The water moccasin bites you but does no damage.
You slice the steam dragon!!
The steam dragon is severely wounded.
You feel sick. The snapping turtle closely misses you.
The steam dragon bites you.
* * * LOW HITPOINT WARNING * * *
A river rat scurries out from under your cloak.
The steam dragon claws you but does no damage.
The water moccasin closely misses you. The skyshark bites your hell rat!
The skyshark tastes blood and grows stronger!
The skyshark barely misses your hell rat. x2
Your hell rat bites the water moccasin!
The water moccasin dies!
Makhleb accepts your kill.
The snapping turtle bites you from afar!
* * * LOW HITPOINT WARNING * * *
A demon appears!
You feel sick. The steam dragon breathes steam at you.
The ball of steam hits you!!
You die...

*,,,,,,,,,,,,,,,,
**......,,,,,,,,,
##..........,,,,,
##...........,,,,,
*...)........,,,,,
*#..†....~.~~.,,~,
#2......~#~~~*,~*
##Dr.....P#~~#*~~~
#@#......~~~~~~~~~
##†rh...~.~~~~~~~~
#.lt....~#~~#*****
#.w.h....##~#~~8,⌠
##.......~~~~~~~*~
#......~~~~~P~~*~
##......##~~~~~*~
*#P......##D#~~~*~
#...§...~~~~~,~~*~


You could see a skyshark (strong), a snapping turtle, a torpor snail, 2 polar
bears, a steam dragon (catching breath, ally target), a friendly blizzard demon
(summoned), a friendly hell rat (slow) and a friendly river rat (slow).

Vanquished Creatures
  Gastronok (Lair:1)
  A hydra (Lair:5)
  A catoblepas (Lair:2)
  13 death yaks
  2 two-headed ogres (D:10)
  Amaemon (Lair:4)
  A salamander mystic (Volcano)
  Pikel (D:7)
  A cyclops (D:9)
  A manticore (D:10)
  2 elephants (Lair:2)
  4 salamanders (Volcano)
  3 black mambas
  8 cane toads
  An orange demon (Lair:3)
  3 rime drakes
  Psyche (D:9)
  A gargoyle (D:10)
  2 komodo dragons
  2 trolls (D:10)
  3 polar bears
  12 blink frogs
  A hornet (Lair:5)
  Prince Ribbit (D:7)
  Grinder (D:3)
  3 shadows
  2 culicivoras (Lair:3)
  A vampire (D:9)
  25 yaks
  A wyvern (Lair:2)
  4 steam dragons
  A basilisk (Lair:2)
  12 water moccasins
  An acid dragon (D:10)
  2 sky beasts (D:7)
  2 orc warriors
  3 ice beasts (D:5)
  3 black bears
  An ogre (D:6)
  9 wolves
  A lemure (D:7)
  3 centaurs
  A phantom (D:6)
  2 kobold brigands
  7 bullfrogs
  A gnoll sergeant (D:10)
  3 necrophages (D:9)
  5 scorpions
  A wyvern zombie (D:9)
  2 water moccasin zombies (Ossuary)
  12 wights
  16 killer bees
  4 howler monkeys
  An electric eel (Lair:4)
  A crimson imp (D:6)
  6 centaur zombies
  3 jellies
  2 hounds
  A bullfrog zombie (Ossuary)
  A human zombie (D:9)
  A gnoll bouda (D:8)
  5 iguanas
  2 scorpion zombies (Ossuary)
  5 orc wizards
  4 hell rats (D:7)
  A mummy (D:9)
  A howler monkey zombie (D:9)
  8 gnolls
  14 adders
  19 river rats (D:7)
  A shadow imp (D:5)
  2 white imps
  An ufetubus (D:4)
  7 adder zombies (Ossuary)
  A worm (D:4)
  6 dart slugs
  27 orcs
  8 ball pythons
  6 endoplasms
  3 giant cockroaches
  5 gnoll zombies (Ossuary)
  12 goblins
  7 hobgoblins
  2 jackals (D:1)
  5 quokkas
  6 bats
  4 frilled lizards
  5 goblin zombies (Ossuary)
  2 hobgoblin zombies (Ossuary)
  24 kobolds
  5 orc zombies (Ossuary)
  9 rats
419 creatures vanquished.

Vanquished Creatures (collateral kills)
  A red draconian (Volcano)
  A hydra (Lair:3)
  2 death yaks (D:10)
  An elephant (Lair:2)
  2 komodo dragons
  A yak (D:10)
  An acid dragon (D:7)
  2 water moccasins (Lair:5)
  A bullfrog (Lair:2)
  A wight (Ossuary)
  An orc wizard (D:7)
  2 orcs (D:7)
16 creatures vanquished.

Vanquished Creatures (others)
  2 trolls (D:10)
  A centaur (D:10)
  An orc wizard (D:8)
  16 fungi
  16 plants
36 creatures vanquished.

Grand Total: 471 creatures vanquished

Notes
Turn   | Place    | Note
-------+----------+-------------------------------------------
     0 | D:1      | arghonaut the Minotaur Gladiator began the quest for the
                  | Orb.
     0 | D:1      | Reached XP level 1. HP: 18/18 MP: 0/0
   164 | D:1      | Found a faded altar of an unknown god.
   206 | D:1      | Reached XP level 2. HP: 20/25 MP: 1/1
   213 | D:1      | Prayed at the altar of an unknown god.
   213 | D:1      | Became a worshipper of Makhleb the Destroyer
   213 | D:1      | Reached * piety under Makhleb
   640 | D:1      | Reached skill level 5 in Long Blades
   650 | D:1      | Reached XP level 3. HP: 30/30 MP: 2/2
   812 | D:2      | Reached ** piety under Makhleb
   832 | D:2      | Found an ancient bone altar of Kikubaaqudgha.
  1317 | D:2      | Reached XP level 4. HP: 33/37 MP: 3/3
  1505 | D:3      | Found a hide-covered altar of Uskayaw.
  2137 | D:3      | Noticed Grinder
  2158 | D:3      | Killed Grinder
  2159 | D:3      | Reached XP level 5. HP: 23/46 MP: 4/4
  2159 | D:3      | Reached XP level 6. HP: 26/52 MP: 5/5
  2690 | D:4      | Reached *** piety under Makhleb
  2734 | D:4      | Reached skill level 5 in Fighting
  2765 | D:4      | Found a stormy altar of Qazlal.
  2809 | D:4      | Reached XP level 7. HP: 58/62 MP: 6/6
  2921 | D:4      | Found an opulent altar of Gozag.
  3072 | D:4      | Found an ornate altar of the Wu Jian Council.
  3501 | D:5      | Entered Level 5 of the Dungeon
  3767 | D:5      | Reached skill level 1 in Armour
  3856 | D:5      | Reached XP level 8. HP: 60/74 MP: 7/7
  4230 | D:5      | Found a staircase to the Ecumenical Temple.
  4509 | D:6      | Reached skill level 5 in Dodging
  4682 | D:6      | Found Weit's Armour Emporium.
  4698 | D:6      | Reached **** piety under Makhleb
  4699 | D:6      | Reached skill level 5 in Armour
  4886 | D:6      | Bought a +2 chain mail of poison resistance for 277 gold
                  | pieces
  4950 | D:6      | Found a glowing silver altar of Zin.
  4950 | D:6      | Found a white marble altar of Elyvilon.
  4950 | D:6      | Found a glowing golden altar of the Shining One.
  5398 | D:6      | Reached XP level 9. HP: 81/81 MP: 8/8
  5506 | D:6      | Reached skill level 1 in Invocations
  5739 | D:7      | Found a sacrificial altar of Ru.
  5878 | D:7      | Found a burning altar of Makhleb.
  6209 | D:7      | Noticed Pikel
  6216 | D:7      | Killed Pikel
  6333 | D:7      | Reached ***** piety under Makhleb
  6375 | D:7      | Found the +2 ratskin cloak {*Rats rPois rN+ Str-1 Int-1
                  | Dex+1}
  6520 | D:7      | Found a broken altar of Ashenzari.
  6520 | D:7      | Found a sparkling altar of Nemelex Xobeh.
  6528 | D:7      | Found a snail-covered altar of Cheibriados.
  6849 | D:7      | Noticed Prince Ribbit
  6857 | D:7      | Killed Prince Ribbit
  6858 | D:7      | Reached XP level 10. HP: 88/88 MP: 13/15
  6873 | D:7      | Found a hazy altar of Hepliaklqana.
  7234 | D:8      | Found a sand-covered staircase.
  7239 | Ossuary  | Entered an ossuary
  7627 | D:8      | Reached skill level 10 in Long Blades
  8443 | D:9      | Noticed a cyclops
  8463 | D:9      | Killed a cyclops
  8640 | D:9      | Noticed Psyche
  8652 | D:9      | Killed Psyche
  8731 | D:9      | Reached ****** piety under Makhleb
  8746 | D:9      | Found a basalt altar of Yredelemnul.
  8964 | D:9      | Found a shimmering blue altar of Sif Muna.
  9135 | D:10     | Entered Level 10 of the Dungeon
  9155 | D:10     | Reached XP level 11. HP: 87/94 MP: 16/16
  9202 | D:10     | Noticed a death yak
  9202 | D:10     | Noticed a death yak
  9252 | D:10     | Killed a death yak
  9255 | D:10     | Killed a death yak
  9681 | D:10     | Noticed a two-headed ogre
  9693 | D:10     | Killed a two-headed ogre
  9694 | D:10     | Reached skill level 10 in Fighting
  9711 | D:10     | Noticed a two-headed ogre
  9731 | D:10     | Killed a two-headed ogre
  9960 | D:10     | Found a shimmering altar of Xom.
 10122 | D:10     | Found a staircase to the Orcish Mines.
 10332 | D:10     | Found a staircase to the Lair.
 10374 | D:10     | Noticed a death yak
 10419 | D:10     | Killed a death yak
 10673 | Lair:1   | Entered Level 1 of the Lair of Beasts
 10938 | Lair:1   | Reached XP level 12. HP: 112/112 MP: 17/17
 11108 | Lair:1   | Noticed Gastronok
 11125 | Lair:1   | Killed Gastronok
 11206 | Lair:1   | Reached skill level 10 in Armour
 11717 | Lair:2   | Noticed a catoblepas
 11791 | Lair:2   | Reached skill level 10 in Invocations
 11839 | Lair:2   | Found a shadowy altar of Dithmenos.
 11855 | Lair:2   | Killed a catoblepas
 12647 | Lair:2   | Found a runed translucent gate.
 12650 | Lair:2   | Found a runed translucent gate.
 12650 | Lair:2   | Found a runed translucent gate.
 12650 | Lair:2   | Noticed Qucvyi Areg's ghost (journeyman DrTm)
 12651 | Lair:2   | Noticed Qucvyi Areg's ghost (journeyman DrTm)
 12651 | Lair:2   | Noticed Kotami's ghost (journeyman OpFi)
 12651 | Lair:2   | Noticed Weugil's ghost (journeyman HaBe)
 13317 | Lair:3   | Noticed a death yak
 13318 | Lair:3   | Noticed a death yak
 13318 | Lair:3   | Noticed a death yak
 13333 | Lair:3   | Noticed a death yak
 13339 | Lair:3   | Killed a death yak
 13356 | Lair:3   | Killed a death yak
 13357 | Lair:3   | Reached XP level 13. HP: 66/124 MP: 19/21
 13463 | Lair:3   | Noticed Amaemon
 13788 | Lair:3   | Found a hole to the Spider Nest.
 13946 | Lair:3   | Found a staircase to the Swamp.
 14515 | Lair:4   | Found a dark tunnel.
 14520 | Volcano  | Entered a volcano
 14862 | Volcano  | Noticed a red draconian
 14884 | Volcano  | Killed a red draconian
 15601 | Lair:4   | Killed Amaemon
 15700 | Lair:3   | Reached skill level 1 in Evocations
 16059 | Lair:4   | You fall into a shaft and drop 1 floor!
 16059 | Lair:5   | Entered Level 5 of the Lair of Beasts
 16065 | Lair:5   | Reached skill level 5 in Evocations
 16092 | Lair:5   | HP: 4/124 [poisoned by a water moccasin]
 16092 | Lair:5   | Killed from afar by a steam dragon

Illustrated notes

Levels and vault maps discovered:
D:1:      spicycebolla_green_bress_n_ham, layout_basic,
          hellmonk_ecumenical_altar_crossroads, minmay_quantized
D:2:      layout_loops_ring, basic_altar, serial_bayou_pond_e,
          kennysheep_generic_room_11
D:3:      layout_basic, nicolae_uskayaw_murder_on_the_dancefloor,
          minmay_misc_feat_cross, nicolae_half_adder, uniq_grinder
D:4:      layout_gridville, marbit_many_paths, grunt_gozag_breadcrumbs,
          mainiacjoe_overflow_cross_hatched, hangedman_abyss_or_decor_slice
D:5:      layout_cave_pods, minmay_temple_entry_glass
D:6:      layout_loops_ring, good_gods_mini_temple, serial_shops,
          kennysheep_little_box, minmay_fire_ice_demons
D:7:      wander_guarded_unrand_ratskin, layout_basic,
          overflow_temple_1_default, nicolae_ru_sacrificial_ziggurat,
          gammafunk_temple_overflow_claw, lemuel_doored_altar,
          kennysheep_generic_room_10, uniq_pikel, uniq_prince_ribbit1
D:8:      layout_cave_pods, enter_ossuary_5
D:9:      layout_cave_pools, general_overflow_altar,
          lemuel_mausoleum_altar_yredelemnul, uniq_psyche
D:10:     layout_cave_pools, xom_confusion_cloud, dpeg_lair_monsters,
          orc_0_dummy, minmay_misc_feat_encased
Lair:1:   layout_loops_ring, chequers_serial_rivers_large_a, grunt_megastairs_1,
          uniq_gastronok
Lair:2:   layout_layer_cave, gammafunk_ghost_cemetery, basic_altar,
          grunt_megastairs_3, infiniplex_staircase_pool_2
Lair:3:   layout_chaotic_city, swamp_mist, hellmonk_spider_entry_life_and_decay,
          lemuel_fruit_tree, grunt_megastairs_2, uniq_amaemon
Lair:4:   layout_gridlike, enter_volcano_4
Lair:5:   gammafunk_lair_ancient_temple, layout_regular_city, slime_entry_2,
          portal_ice_cave_entry_animals_and_master, gauntlet_entry_generic,
          lemuel_fruit_fields

Skill      XL: |  1  2  3  4  5  6  7  8  9 10 11 12 13 |
---------------+----------------------------------------+-----
Long Blades    | 4 5 6 8 13 14 | 14.0
Fighting       | 3 5 8 12 14 | 14.2
Armour         | 2 7 8 9 10 | 10.3
Dodging        | 4 6 |  6.0
Invocations    | 8 12 14 | 14.0
Evocations     | 5 |  5.0
Throwing       | |  2.0

Action                     |  1- 3 |  4- 6 |  7- 9 | 10-12 | 13-15 || total
---------------------------+-------+-------+-------+-------+-------++-------
  Melee: Long sword        |   100 |    90 |   400 |   267 |       ||   857
         Headbutt          |    11 |    13 |    80 |   191 |    43 ||   338
         Punch             |       |     5 |     7 |    14 |     1 ||    27
         Scimitar          |       |       |       |   488 |   158 ||   646
  Throw: Throwing net      |       |     2 |     1 |     1 |       ||     4
 Invoke: Minor Destruction |       |       |       |     5 |       ||     5
         Major Destruction |       |       |       |     2 |     9 ||    11
         Lesser Servant of |       |       |       |     4 |     6 ||    10
         Greater Servant o |       |       |       |       |     3 ||     3
  Evoke: Wand              |       |     1 |       |     4 |       ||     5
    Use: Scroll            |       |     1 |     6 |     9 |     7 ||    23
         Potion            |       |       |       |     1 |     6 ||     7
   Stab: Sleeping          |     1 |       |       |       |       ||     1
         Held in net/web   |       |       |     1 |       |       ||     1
         Distracted        |       |       |       |     1 |     1 ||     2
 Armour: Leather armour    |     7 |       |       |       |       ||     7
         Chain mail        |    48 |    45 |   192 |   384 |   116 ||   785
  Dodge: Dodged            |    50 |    37 |   201 |   379 |   100 ||   767
